Cogmind - Beta 17 @@@ ROGUE MODE // 2026.07.18 @ 02:36:11 Player: Venar246 Result: Destroyed by Autobeam Turret with Autobeam Performance ------------- Evolutions (0) 0 Regions Visited (2) 400 Robots Destroyed (22) 110 Value Destroyed (488) 488 Prototype IDs (0) 0 Alien Tech Used (0) 0 Bonus (0) 0 TOTAL SCORE: 998 Bonus ------- None Cogmind --------- Core Integrity 0/250 Matter 210/300 Energy 99/100 System Corruption 0% Temperature Cool (12) Movement Rolling (150) Ox4 Location -10/Subcaves Parts ------- > --- POWER (1) -------- (None) > --- PROPULSION (2) --- Subdweller Monowheel > --- UTILITY (2) ------ Huge Storage Unit Makeshift Light Armor Plating > --- WEAPON (2) ------- Mini Grenade Launcher > --- INVENTORY (25) --- Light Ion Engine Subdweller Power Source Seismic Detector Medium Armor Plating Scrap Shield Spread Laser Spread Laser Spread Laser Assault Rifle Subdweller Shrapnel Launcher Flamer Scrap Shield Fragment (47) Scrap Shield Fragment (46) Scrap Shield Fragment (45) Scrap Shield Fragment (39) Scrap Shield Fragment (39) Scrap Shield Fragment (38) Peak State ------------ > --- POWER ------------ Light Nuclear Core > --- PROPULSION ------- Wheel Subdweller Monowheel > --- UTILITY ---------- Improved Heat Sink Huge Storage Unit > --- WEAPON ----------- Spread Laser Spread Laser > --- INVENTORY -------- Light Ion Engine Light Ion Engine Compact Wheel Seismic Detector Medium Armor Plating Medium Armor Plating Spread Laser Spread Laser Assault Rifle Mini Grenade Launcher [Rating: 15] Favorites ----------- Power Light Nuclear Core Engine Light Ion Engine Power Core Light Nuclear Core Propulsion Wheel Leg Aluminum Leg Wheel Wheel Utility Huge Storage Unit Device Improved Heat Sink Storage Huge Storage Unit Protection Medium Armor Plating Weapon Spread Laser Energy Gun Spread Laser Ballistic Gun Subdweller Machine Gun Launcher Mini Grenade Launcher Build | -11 -10 -10 ------- Run | Yrd Mat Sub Slots Evolved . | . . . Power . | . . . Propulsion . | . . . Utility . | . . . Weapon . | . . . Parts Attached 26 | 8 7 11 Power 3 | 1 1 1 Engine 2 | 1 . 1 Core 1 | . 1 . Reactor . | . . . Propulsion 7 | 2 2 3 Treads . | . . . Leg 2 | 2 . . Wheel 5 | . 2 3 Hover . | . . . Flight . | . . . Utility 7 | 2 2 3 Device 2 | 1 1 . Storage 2 | 1 1 . Processor . | . . . Hackware . | . . . Protection 3 | . . 3 Artifact . | . . . Weapon 9 | 3 2 4 Energy Gun 4 | 2 2 . Energy Cannon . | . . . Ballistic Gun 4 | 1 . 3 Ballistic Cannon . | . . . Launcher 1 | . . 1 Special Weapon . | . . . Impact Weapon . | . . . Slashing Weapon . | . . . Piercing Weapon . | . . . Special Melee Weapon . | . . . Unidentified Prototypes . | . . . Parts Lost 11 | . . 11 Power 2 | . . 2 Propulsion 3 | . . 3 Utility 2 | . . 2 Weapon 4 | . . 4 Highest Loss Streak 5 | . . 5 To Critical Strikes . | . . . Average Backups 9 | 1 8 10 Power 1 | . 1 2 Propulsion . | . . . Utility 2 | . 2 2 Weapon 4 | . 3 5 Tool/Special . | . . . Unused Backups 8 | 1 . 7 Power 1 | . . 1 Propulsion 1 | 1 . . Utility 2 | . . 2 Weapon 4 | . . 4 Tool/Special . | . . . Average Slot Usage (%) 92 | . 100 90 Engine 4 | . 8 3 Core 8 | . 5 9 Leg 5 | . 22 . Wheel 18 | . 5 23 Device 10 | . 14 9 Storage 14 | . 14 14 Protection 2 | . . 3 Energy Gun 17 | . 26 14 Ballistic Gun 8 | . 1 11 Peak Build Rating 15 | 9 14 15 Average Rating 12 | 6 12 13 On Entrance 7 | . 9 14 Avg Prop Armor Cover (%) 8 | . 9 3 Naked Turns . | . . . Heaviest Build 96 | 12 92 96 Greatest Support 40 | 20 26 40 Greatest Overweight (x) 28 | . 9 28 Average Overweight (x) 3 | . 3 3 Largest Inventory Capacity 25 | 8 25 25 Average Capacity 23 | 7 22 25 Most Carried 19 | 4 10 19 Average Carried 11 | 1 8 14 Final Capacity 25 | 8 25 25 Final Carried 18 | 3 9 18 Class Distribution -------------------- 50% | Scavenger-Mutant 49% | Mutant Dominant Class ---------------- Mutant | -10/Materials Scavenger-Mutant | -10/Subcaves Resources | -11 -10 -10 ----------- Run | Yrd Mat Sub Matter Collected 621 | 319 71 231 Remotely . | . . . Salvage Created 598 | 152 189 257 Parts 48 | 12 10 26 Haulers Intercepted . | . . . Recyclers Shooed 2 | . 2 . Parts Field Recycled . | . . . Retrieved Matter . | . . . Parts Self-Destructed . | . . . Prevented . | . . . Parts Restored . | . . . Kills | -11 -10 -10 ------- Run | Yrd Mat Sub Combat Hostiles Destroyed 14 | . 2 12 Guns 10 | . 2 8 AOE 4 | . . 4 Classes Destroyed 6 | 2 2 2 Worker 1 | . 1 . Tunneler 4 | 4 . . Recycler 3 | 1 2 . Swarmer 4 | . . 4 Grunt 2 | . 2 . Subdweller 8 | . . 8 Best Kill Streak 4 | 4 2 4 Combat Bots Only 4 | . 2 4 Max Kills in Single Turn 2 | 1 1 2 Gunslinging . | . . . Exploded 2 | . . 2 Melee . | . . . Uniques/NPCs Destroyed . | . . . Combat | -11 -10 -10 -------- Run | Yrd Mat Sub Hostile Shots Fired 101 | . 8 93 Missed 30 | . 3 27 Hits 71 | . 5 66 Projectile 71 | . 5 66 Critical Strikes 1 | . 1 . Damage Taken 1181 | . 72 1109 Core 251 | . . 251 Absorbed by Shields . | . . . Core Remaining (%) 100 | 100 . . Volleys Fired 79 | 13 11 55 Largest 2 | 2 2 2 Hottest 130 | 60 130 130 Shots Fired 127 | 26 22 79 Gun 120 | 26 22 72 Cannon . | . . . Launcher 7 | . . 7 Special . | . . . Kinetic 62 | 13 . 49 Thermal 58 | 13 22 23 Explosive 7 | . . 7 Electromagnetic . | . . . Robot Hit Streak 8 | 8 7 7 Robot Miss Streak 5 | 3 4 5 Penetration Max . | . . . Secondary Targets . | . . . Shots Hit Robots 79 | 15 20 44 Core Hits 66 | 6 27 33 Critical Kills . | . . . Critical Parts Destroyed . | . . . Critical Strikes . | . . . Melee Attacks . | . . . Impact . | . . . Slashing . | . . . Piercing . | . . . Sneak Attacks . | . . . Combat Hostiles . | . . . Follow-up Attacks . | . . . Damage Inflicted 1499 | 183 269 1047 Guns 1226 | 183 268 775 Cannons . | . . . Explosions 272 | . . 272 Melee . | . . . Ramming 1 | . 1 . Kinetic 692 | 103 . 589 Thermal 534 | 80 268 186 Explosive 272 | . . 272 Electromagnetic . | . . . Impact . | . . . Slashing . | . . . Piercing . | . . . Highest Corruption . | . . . Average Corruption . | . . . Corruption Purged . | . . . Corruption Blocked . | . . . Overload Shots . | . . . Overflow Damage . | . . . Projectiles . | . . . Explosions . | . . . Melee . | . . . Knockbacks . | . . . Impact . | . . . Kinetic . | . . . Secondary . | . . . Self-Inflicted Damage . | . . . Shots . | . . . Rammed 1 | . 1 . Targets Rammed 1 | . 1 . Kicked . | . . . Crushed . | . . . Highest Temperature 465 | . 465 . Average Temperature 182 | . 182 . Received Heat Transfer 450 | . 60 390 Effects 5 | . 5 . Interference 4 | . 4 . Matter Decay 1 | . 1 . Siege Activations . | . . . Martial Activations . | . . . Shielding Activations . | . . . Robots Disrupted . | . . . Combat Hostiles . | . . . Robots Corrupted . | . . . Combat Hostiles . | . . . Parts Fried . | . . . Impact Corruptions . | . . . Robots Melted . | . . . Combat Hostiles . | . . . Parts Melted . | . . . Heat Transferred 755 | 175 340 240 Parts Sabotaged . | . . . Parts Stolen . | . . . Parts Stripped . | . . . Power Chain Reactions . | . . . Alert | -11 -10 -10 ------- Run | Yrd Mat Sub Maximum Alert Level . | . . . Low Security (%) 100 | 100 100 . Level 1 . | . . . Level 2 . | . . . Level 3 . | . . . Level 4 . | . . . Level 5 . | . . . High Security . | . . . Max Security . | . . . Peak Influence 50 | 15 50 . Initial . | . . . Average 4 | 2 5 . Influence Increases 170 | 25 65 80 Destroy 0b10 Robot/C 120 | . 40 80 Destroy 0b10 Robot/NC 40 | 25 15 . Destroy Leader 10 | . 10 . Influence Decreases 114 | 25 65 24 Time Decay 94 | 25 65 4 Lost Part 20 | . . 20 Squads Dispatched . | . . . Investigation . | . . . Extermination . | . . . Reinforcement . | . . . Assault . | . . . Garrison . | . . . Intercept . | . . . Searches Triggered . | . . . Construction Impeded . | . . . Haulers Reinforced . | . . . Active Scanning Responses . | . . . Cargo Convoy Interrupts . | . . . Stealth | -11 -10 -10 --------- Run | Yrd Mat Sub Distress Signals 1 | . 1 . Communications Jammed . | . . . Distress Signals . | . . . Times Spotted 19 | . 5 14 Peak Tracking Total 6 | . 3 6 Tactical Retreats . | . . . Traps | -11 -10 -10 ------- Run | Yrd Mat Sub Traps Triggered . | . . . Indirectly . | . . . Trap Hack Attempts . | . . . Triggered . | . . . Disarmed . | . . . Reprogrammed . | . . . Reused . | . . . Traps Extracted . | . . . Installed . | . . . Triggered . | . . . Machines | -11 -10 -10 ---------- Run | Yrd Mat Sub Machines Disabled . | . . . Max in Single Turn . | . . . Machines Repaired . | . . . Machines Dismantled . | . . . Machines Sabotaged . | . . . Overloaded Fab Kills . | . . . Hacking | -11 -10 -10 --------- Run | Yrd Mat Sub Machines Accessed . | . . . Terminals . | . . . Fabricators . | . . . Repair Stations . | . . . Recycling Units . | . . . Scanalyzers . | . . . Garrison Access . | . . . Total Hacks . | . . . Successful . | . . . Failed . | . . . Catastrophic . | . . . Database Lockouts . | . . . Manual 2 | . 2 . Terminals . | . . . Fabricators . | . . . Repair Stations . | . . . Recycling Units . | . . . Scanalyzers . | . . . Garrison Access . | . . . Terminal Hacks . | . . . Fabricator Hacks . | . . . Repair Station Hacks . | . . . Recycling Unit Hacks . | . . . Scanalyzer . | . . . Garrison Access Hacks . | . . . Unauthorized Hacks . | . . . Terminals . | . . . Fabricators . | . . . Repair Stations . | . . . Recycling Units . | . . . Scanalyzers . | . . . Garrison Access . | . . . Data Cores Recovered . | . . . Used . | . . . Hacking Detections . | . . . Full Trace Events . | . . . Feedback Events . | . . . Feedback Blocked . | . . . Robot Schematics Acquired . | . . . Robots Built . | . . . Authchips . | . . . Time . | . . . Total Robot Build Rating . | . . . Part Schematics Acquired . | . . . Parts Built . | . . . Authchips . | . . . Time . | . . . Total Part Build Rating . | . . . Part Studies Acquired . | . . . Parts Repaired . | . . . Time . | . . . Parts Recycled . | . . . Recycled Matter . | . . . Retrieved Matter . | . . . Retrieved Components . | . . . Parts Scanalyzed . | . . . Part Schematics Acquired . | . . . Parts Damaged . | . . . Bothacking | -11 -10 -10 ------------ Run | Yrd Mat Sub Used RIF Installer . | . . . Robots Hacked . | . . . Non-combat . | . . . Combat . | . . . Robot Hacks Applied . | . . . Relay Couplers Released . | . . . Fabnet Peak Effective % . | . . . Robots Rewired . | . . . Allies Hacked . | . . . Hacks Repelled . | . . . Allies | -11 -10 -10 -------- Run | Yrd Mat Sub Total Allies . | . . . Largest Group . | . . . Highest-Rated Group . | . . . Highest-Rated Ally . | . . . Total Orders . | . . . Ally Attacks . | . . . Total Damage . | . . . Kills . | . . . Allies Corrupted . | . . . Allies Melted . | . . . Intel | -11 -10 -10 ------- Run | Yrd Mat Sub Active Infowar (turns) 325 | 31 294 . Terrain 325 | 31 294 . Robot Analysis Total . | . . . Derelict Logs Recovered 1 | . . 1 Drone Launches . | . . . Drone Recoveries . | . . . Exploration | -11 -10 -10 ------------- Run | Yrd Mat Sub Turns Passed 2147 | 134 502 1511 Spaces Moved 1207 | 67 205 935 Core 7 | 2 . 5 Treads . | . . . Legs 177 | 65 112 . Wheels 1023 | . 93 930 Hover . | . . . Flight . | . . . Fastest Speed 50 | 50 120 130 Average Speed 155 | 117 218 144 Slowest Speed 1450 | 120 400 1450 Overloaded Moves . | . . . Propulsion Burnouts . | . . . Robots Hopped . | . . . Potential Cave-ins . | . . . Cave-ins Triggered . | . . . Exploration Rate (%) 25 | 5 16 56 Regions Visited 2 Branch Regions 1 Pre-discovered Areas 1 | . . 1 Known Exits Taken . | . . . Unknown Exits Taken 2 | 1 1 . Scrap Searched . | . . . Spaces Dug . | . . . Terrain Destroyed 28 | . . 28 Melee . | . . . Projectile . | . . . AOE 28 | . . 28 Terrain Rammed . | . . . Walls Destroyed . | . . . Machines Disabled . | . . . Actions | -11 -10 -10 --------- Run | Yrd Mat Sub Total 1345 | 93 237 1015 Wait . | . . . Move 1205 | 66 204 935 Hop . | . . . Pick Up 24 | 5 7 12 Fast Attach 11 | 6 2 3 Attach 6 | 1 . 5 Detach . | . . . Swap 11 | 1 6 4 Drop 8 | 1 6 1 Fire 79 | 13 11 55 Melee . | . . . Ram 1 | . 1 . Kick . | . . . Crush . | . . . Escape Stasis . | . . . Rewire . | . . . Trap . | . . . Miscellaneous . | . . . Route ------- -11/Scrapyard -10/Materials -10/Subcaves (discovered 1 exit: [*Mat]) History --------- Turn | Location | Event 12 | -11/Scrapyard | Discovered new exit (range 15) 135 | -11/Scrapyard | Entered Materials 222 | -10/Materials | Discovered new exit (range 11) 306 | -10/Materials | Build established: Mutant 637 | -10/Materials | Entered Subcaves 640 | -10/Subcaves | Learned location of 1 exit from Materials 879 | -10/Subcaves | Build established: Scavenger-Mutant 934 | -10/Subcaves | Learned location of Zion (-7) 934 | -10/Subcaves | Met a Zionite searching for "candidates" 1661 | -10/Subcaves | Core integrity fell below 50% 1699 | -10/Subcaves | Lost 5 parts (1p2n1u1w) 1887 | -10/Subcaves | Discovered new exit (range 14) 1943 | -10/Subcaves | Build established: Mutant 1991 | -10/Subcaves | Lost 3 parts (1n1u1w) 2028 | -10/Subcaves | Shifting Twisted Machinery released Mak. Light Armor Plating 2030 | -10/Subcaves | Shifting Twisted Machinery released Flamer 2132 | -10/Subcaves | Core integrity fell below 20% 2148 | -10/Subcaves | Destroyed by Autobeam Turret with Autobeam Last Messages --------------- 01950_ Battle Rifle destroyed. 01956_ Med. Armor Plating destroyed. 01956_ B3-VK0(R) destroyed. 01959_ Subatomizers dissect the Sub. Monowheel. 01960_ Broken Sub. Monowheel destroyed. 01963_ QZ-DEE(R) affixes Scrap Shield Fragment to Scrap Shield. 01964_ QZ-DEE(R) destroyed. 01981_ Acquired 16 matter. 01986_ Acquired Scrap Shield. 01998_ Subatomizers dissect the Sub. Optics. Mak. Light Armor Plating falls loose from the Twisted Machinery. Flamer falls loose from the Twisted Machinery. 02037_ Acquired Flamer. 02134_ S-10 Pest destroyed. 02136_ Lgt. Ion Engine destroyed. 02138_ S-10 Pest destroyed. 02146_ Sub. Machine Gun destroyed. Map ----- +----------------------------------------------------+ | ### ### ### ## #???????????????? | | # ## ##??????????????? | | # ##?????????????? | | # ### #?????????????? | | ## ##?## #?????????????? | | #?# #??# #?????????????? | | # ??# #?? ####?????????????? | | # ??## #?## ##????????????????? | | #????### ##?#####?????????????????? | | ???????## ### ##????#####?????????????? | | ????????###?### ###### #?????????????? | | ??????????????# #?????????????? | | ??????????????## ## #?????????????? | | ???????????????### ### #?????????????? | | ?????????????????## #?# #?????????????? | | ??????????????????## ##?# #?????????????? | | ???????????????????###??# #?????????????? | | ???????????????????# #??# ##?????????????? | | ???????????????????# #?# ##??????????????? | | ??????????????####?# ####???????????????? | | ???????????? "# # ??????????????????? | | ??????????? #?????????????????? | | ??????????? ##???????????????? | | ??????????t ##??????????????? | | ?????????? #??????????????? | | ??????????t @ ##?????????????? | | ?????????? " #?????????????? | | ?????????? " #?????????????? | | ??????????? "# ##### #?????????????? | | ??????????????#### ?????# #?????????????? | | ####?#######????# ????#### #?????????????? | | ## ##???#?????# #?????????????? | | ##???##???## ##?????????????? | | ##?## #???# #??????????????? | | ### ??## #??????????????? | | ## ### #??????????????? | | ### ######?# ## #??????????????? | | ?### ####??????# #??????????????? | | ## #?????????## ##??????????????? | | # ##?????????## #???????????????? | | ####??????##% ##???????????????? | | ######## ##????????????????? | | # #?????????????????? | | # ## ## ### #?????????????????? | | ####### ####### #?# ##?????????????????? | | ??????###?????#####? #??????????????????? | | ??????????????????? #??????????????????? | | ?????????????????? ??????????????????? | | ?????????????????# ?????????????????? | | ?????????????????# ?????????????????? | +----------------------------------------------------+ Best States ------------- Heat Dissipation 39 Energy Generation 14 Energy Capacity 160 Matter Stores 300 Matter Capacity 300 Sight Range 16 Terrain Scan Range 16 Terrain Scan Density 10 Armor Coverage 225 Evasion (%) 55 Item Schematics ----------------- None Robot Schematics ------------------ None Fabricated ------------ Nothing Repaired ---------- Nothing Studied --------- None Alien Tech Used ----------------- None Achievements -------------- None Challenges ------------ None Game ------ Seed HackingArcsightBiocell Manual? 0 Play Time 00:10:22 Cumulative 59.5 hours Start 2026.07.18 @ 02:26:12 End 2026.07.18 @ 02:36:11 Sessions 1 Manual Loads 0 Difficulty Rogue Special Mode None Game No. 98 Rogue 98 Adventurer 0 Explorer 0 Win Type - Total 1 Types 1/0/0/0/0/0/0/0/0/0 Lore% 30 Gallery% 37 Achievement% 28 Wizard Run 0 Options --------- Layout 1 ASCII 0 Keyboard 0 Movement Arrows Keybinds 0 Fullscreen 1 Font 32/SmallcapsGlow Map View 50x35 Zoom Use 0% Tactical HUD 1 Map Filters NONE Filters NONE Steam 1 RUN: 907bcd31-1d54-4861-b2c6-12553da1159b